 Dungeon Crawl Stone Soup version 0.25.1-2-g60ff931df9 (webtiles) character file.

Game seed: 10339199366469698590

117115 Drachen the Carver (level 15, -3/118 HPs)
             Began as a Demigod Gladiator on Oct 22, 2020.
             Slain by patan's ghost (17 damage)
             ... on level 3 of the Swamp on Oct 24, 2020.
             The game lasted 01:35:44 (38091 turns).

Drachen the Carver (Demigod Gladiator)             Turns: 38091, Time: 01:35:44

Health: -3/118     AC: 21    Str: 29    XL:     15   Next: 75%
Magic:  0/25       EV: 19    Int: 12    God:
Gold:   1670       SH:  6    Dex: 23    Spells: 14/14 levels left

rFire    + . .     SeeInvis .   T - +6 scimitar (flame)
rCold    . . .     Gourm    .   l - +0 buckler
rNeg     . . .     Faith    .   W - +4 plate armour {rF+}
rPois    .         Spirit   +   (helmet restricted)
rElec    .         Reflect  .   c - +0 cloak
rCorr    .         Harm     .   (no gloves)
MR       +....     Rnd*Tele +   (no boots)
Stlth    ..........             i - amulet of guardian spirit
HPRegen  0.29/turn              h - +4 ring of slaying
MPRegen  0.19/turn              H - +6 ring of strength

@: mighty, hasted, very quick
A: antennae 1, agile 1, high mp 1, teleportitis 1, MP-powered wands
a: no special abilities


You were on level 3 of the Swamp.
You were not hungry.

You visited 4 branches of the dungeon, and saw 25 of its levels.
You also visited: Volcano.

You collected 2179 gold pieces.
You spent 509 gold pieces at shops.

Inventory:

Hand Weapons
 n - a +3 short sword of draining
 t - a +0 long sword of electrocution
 R - a +2 great sword of flaming
 T - a +6 scimitar of flaming (weapon)
Missiles
 d - 2 throwing nets
 e - 7 javelins (quivered)
 g - 67 poisoned darts
Armour
 b - a +2 helmet
 c - a +0 cloak (worn)
 l - a +0 buckler (worn)
 W - a +4 plate armour of fire resistance (worn)
Jewellery
 a - an uncursed ring of positive energy
 h - a +4 ring of slaying (left hand)
 i - an amulet of guardian spirit (around neck)
 w - an uncursed ring of poison resistance
 y - an uncursed ring of positive energy
 H - a +6 ring of strength (right hand)
 K - an uncursed ring of flight
 L - an uncursed ring of protection from cold
Wands
 k - a wand of acid (5)
 v - a wand of flame (37)
 A - a wand of iceblast (10)
 G - a wand of paralysis (14)
 M - a wand of random effects (39)
 O - a wand of polymorph (31)
Scrolls
 s - a scroll of teleportation
 x - 6 scrolls of remove curse
 B - a scroll of fog {unknown}
 E - 2 scrolls of amnesia
 I - a scroll of summoning {unknown}
 J - 2 scrolls of blinking {unknown}
 N - a scroll of silence {unknown}
 P - 3 scrolls of magic mapping
 Q - a scroll of vulnerability {unknown}
 V - a scroll of holy word {unknown}
Potions
 m - 5 potions of lignification
 o - 3 potions of curing
 p - 2 potions of might
 q - 2 potions of flight {unknown}
 u - 2 potions of resistance
 z - 2 potions of ambrosia
 D - 3 potions of brilliance
 X - 3 potions of stabbing
Miscellaneous
 C - a phantom mirror
 U - a phial of floods
Comestibles
 f - 47 rations


   Skills:
 - Level 7.0 Fighting
 - Level 6.2(11.0) Short Blades
 + Level 13.9(14.4) Long Blades
 - Level 2.0 Throwing
 + Level 13.7 Armour
 + Level 13.7 Dodging
 - Level 4.0 Shields
 + Level 8.3 Evocations


You had 14 spell levels left.
You didn't know any spells.
Your spell library contained the following spells:

 Spells                   Type           Power        Failure   Level  Hunger
 Animate Skeleton         Necr           N/A          90%         1    ##.....
 Apportation              Tloc           #.....       90%         1    ##.....
 Beastly Appendage        Tmut           #.....       90%         1    ##.....
 Corona                   Hex            #......      90%         1    ##.....
 Freeze                   Ice            #...         90%         1    ##.....
 Pain                     Necr           #...         90%         1    ##.....
 Summon Small Mammal      Summ           #...         90%         1    ##.....
 Ensorcelled Hibernation  Hex/Ice        #.....       97%         2    ###....
 Slow                     Hex            #.......     97%         2    ###....
 Sticks to Snakes         Tmut           #.......     97%         2    ###....
 Confusing Touch          Hex            #.......     99%         3    ####...
 Dazzling Flash           Conj/Hex       #.....       99%         3    ####...
 Frozen Ramparts          Ice            #.....       99%         3    ####...
 Inner Flame              Hex/Fire       #.......     99%         3    ####...
 Ozocubu's Armour         Chrm/Ice       #.......     99%         3    ####...
 Portal Projectile        Hex/Tloc       #.....       99%         3    ####...
 Spider Form              Tmut/Pois      #.........   99%         3    ####...
 Tukima's Dance           Hex            #.......     99%         3    ####...
 Vampiric Draining        Necr           #.........   99%         3    ####...
 Animate Dead             Necr           N/A          100%        4    #####..
 Cause Fear               Hex            #.........   100%        4    #####..
 Hailstorm                Conj/Ice       #.......     100%        4    #####..
 Ice Form                 Ice/Tmut       #.......     100%        4    #####..
 Leda's Liquefaction      Hex/Erth       #.........   100%        4    #####..
 Summon Ice Beast         Ice/Summ       #.......     100%        4    #####..
 Agony                    Necr           #.......     100%        5    ######.
 Blade Hands              Tmut           #.........   100%        5    ######.
 Bolt of Magma            Conj/Fire/Erth #.........   100%        5    ######.
 Iskenderun's Battlesphe  Conj/Chrm      #.......     100%        5    ######.
 Iron Shot                Conj/Erth      #.........   100%        6    #######
 Orb of Destruction       Conj           #.........   100%        7    #######
 Spellforged Servitor     Conj/Summ      #.........   100%        7    #######
 Chain Lightning          Conj/Air       #.........   100%        8    #######
 Lehudib's Crystal Spear  Conj/Erth      #.........   100%        8    #######
 Absolute Zero            Ice            #.........   100%        9    #######
 Fire Storm               Conj/Fire      #.........   100%        9    #######


Dungeon Overview and Level Annotations

Branches:
Dungeon (14/15)            Temple (0/1) D:7            Lair (6/6) D:8
  Swamp (3/4) Lair:4       Spider (0/4) Lair:3        Slime (0/5) Lair:5
    Orc (2/2) D:10            Elf (0/3) Orc:2       Volcano (visited)
 Vaults: D:13-14

Shops:
Orc:2 [*=(?

Portals:
Trove: D:10 (give +3 ice dragon scales)

Annotations:
Swamp:3 1 transporter, patan's ghost, journeyman TrFi


Innate Abilities, Weirdness & Mutations

You have an increased reservoir of magic. (+10% MP)
You have a pair of small antennae on your head.
You are agile. (Dex +2)
You are occasionally teleported next to monsters.
You expend magic power (3 MP) to strengthen your wands.


Message History

Unknown command.
Okay, then.
Okay, then.
Press: ? - help, v - describe, . - travel
Here: patan's ghost The floor, spattered with blood.
Okay, then.
Okay, then.
You feel yourself speed up. The bog body casts a spell at you.
The bolt of cold misses you. The tyrant leech barely misses you.
You riposte.
You slice the tyrant leech!! You burn the tyrant leech!
The tyrant leech is almost dead.
Patan's ghost misses you.
Press: ? - help, v - describe, . - travel The floor, spattered with blood.
You feel better. The bog body hits you!
* * * LOW HITPOINT WARNING * * *
The bog body closely misses you. Patan's ghost hits you!!
You die...

♣♣.≈≈≈..#########...♣♣♣♣♣♣♣ ♣♣♣ ♣
...♣≈..##8.....8##..♣ ♣.>≈♣♣♣≈♣ ♣
♣≈≈≈♣..#.........#.♣♣ ♣.≈.....♣ ♣
♣≈..♣..#.........#.♣♣ ♣♣.≈.≈≈≈♣ ♣
♣♣♣≈♣♣.#.....$...#.≈♣♣♣≈♣♣.≈≈.♣ ♣
♣≈....#....©....#..≈♣♣..♣♣..≈♣♣♣
♣..≈≈.#........n#.≈≈♣.≈≈≈♣♣♣♣♣♣.
♣♣....#.......Ww#.≈♣≈.≈≈≈.♣♣♣♣..
♣..≈..#©...$.Fn@#.♣♣..≈≈≈≈..≈..#
♣≈..≈.##8???/)8##.♣...§≈≈≈≈≈≈..#
♣♣≈♣....#########..♣.>♣..≈≈≈≈...#
♣.≈♣..≈.....©.....♣...♣♣♣..≈§...#
♣♣♣♣≈.§≈..≈...♣♣♣♣..≈≈.≈♣♣♣≈....#
♣♣♣♣.≈≈≈♣≈≈≈≈♣♣ ♣♣.§≈≈.♣♣≈≈≈...#
♣≈...§≈≈.♣♣≈♣♣ ♣≈≈≈.<♣♣≈≈≈...#
♣♣≈....<..♣♣♣ ♣.≈≈..♣♣♣.≈≈..#
♣♣♣♣♣♣..≈≈♣ ♣...≈♣♣ ♣♣♣....


You could see a tyrant leech, 2 bog bodies, a spiny frog and patan's ghost.

Vanquished Creatures
  A tentacled monstrosity (Swamp:2)
  An orc warlord (Orc:2)
  A very ugly thing (Swamp:2)
  Azrael (D:13)
  Snorg (Lair:4)
  12 hydras
  A centaur warrior (D:14)
  5 shambling mangroves
  10 two-headed ogres
  An ogre mage (Volcano)
  3 catoblepae (Lair:6)
  15 alligators
  5 death yaks (Lair:6)
  An orc high priest (Orc:2)
  A hell knight (Volcano)
  2 spriggans
  2 unseen horrors
  A spriggan druid (Swamp:2)
  4 swamp dragons
  A deep elf mage (D:14)
  An orb spider (Lair:3)
  3 orc knights (Orc:2)
  2 orc sorcerers (Orc:2)
  An oklob plant (Lair:2)
  6 ugly things
  4 manticores
  A cyclops (D:12)
  19 elephants
  A centaur zombie (D:14)
  6 black mambas
  A torpor snail (Lair:6)
  A gargoyle (D:12)
  26 spiny frogs
  2 rime drakes (Lair:4)
  9 komodo dragons
  Grinder (D:6)
  4 trolls
  2 polar bears
  9 tyrant leeches
  12 hornets
  21 blink frogs
  5 bog bodies
  8 dream sheep
  12 slime creatures
  11 hippogriffs
  4 shadows
  A vampire (D:13)
  62 yaks
  2 wyverns
  4 basilisks
  2 fire elementals (D:13)
  8 vampire mosquitoes
  2 steam dragons (D:10)
  Edmund (D:4)
  7 wargs
  13 swamp worms
  14 water moccasins
  6 porcupines
  A hell hound (D:13)
  3 sky beasts
  Duvessa (D:4)
  6 swamp drakes
  2 eyes of draining
  3 phantoms
  A black bear (D:9)
  17 orc warriors
  3 necrophages
  4 ice beasts
  10 ogres
  12 wolves
  5 centaurs
  12 crocodiles
  Blork the orc (Orc:2)
  3 big kobolds
  12 bullfrogs
  Dowan (D:4)
  A wyvern skeleton (D:13)
  4 scorpions
  A water moccasin skeleton (D:8)
  4 killer bees (D:12)
  5 wights (D:6)
  An electric eel (D:8)
  7 howler monkeys
  7 crimson imps
  2 bullfrog zombies
  A quasit (D:9)
  5 jellies
  12 orc priests
  10 hounds
  Crazy Yiuf (D:2)
  3 bullfrog skeletons
  5 centaur skeletons
  5 iguanas
  21 orc wizards
  11 worker ants
  Robin (D:2)
  A worker ant zombie (D:7)
  22 gnolls
  12 adders
  A howler monkey skeleton (D:7)
  4 shadow imps
  An adder zombie (D:5)
  2 adder skeletons
  4 worms
  8 leopard geckos
  65 orcs
  6 bats
  7 giant cockroaches
  15 goblins
  9 hobgoblins
  11 jackals
  6 quokkas
  5 ball pythons
  11 frilled lizards
  2 jackal skeletons
  A jackal zombie (D:3)
  21 kobolds
  2 quokka skeletons (D:4)
  2 quokka zombies (D:3)
  3 rats
  A plant (Lair:2)
789 creatures vanquished.

Vanquished Creatures (others)
  An ugly thing (D:13)
  A gnoll shaman (D:5)
  An orc wizard (D:9)
  A gnoll (D:5)
  A bush (Lair:6)
  4 fungi
  8 plants (Lair:6)
17 creatures vanquished.

Grand Total: 806 creatures vanquished

Notes
Turn   | Place    | Note
-------+----------+-------------------------------------------
     0 | D:1      | Drachen the Demigod Gladiator began the quest for the Orb.
     0 | D:1      | Reached XP level 1. HP: 17/17 MP: 3/3
    80 | D:1      | Reached XP level 2. HP: 17/24 MP: 4/4
   401 | D:1      | Reached skill level 1 in Armour
   740 | D:1      | Reached XP level 3. HP: 29/29 MP: 5/5
  1070 | D:2      | Found a faded altar of an unknown god.
  1476 | D:2      | Noticed Robin
  1490 | D:2      | Killed Robin
  1759 | D:2      | Found a runed translucent door.
  1761 | D:2      | Noticed Crazy Yiuf
  1771 | D:2      | Killed Crazy Yiuf
  1771 | D:2      | Reached skill level 1 in Short Blades
  1771 | D:2      | Reached XP level 4. HP: 36/36 MP: 6/6
  2168 | D:3      | Reached XP level 5. HP: 33/41 MP: 7/7
  2528 | D:3      | You fall into a shaft and drop 1 floor!
  2675 | D:4      | Noticed an ogre
  2683 | D:4      | Killed an ogre
  2882 | D:4      | Found an iron altar of Okawaru.
  2920 | D:4      | Reached XP level 6. HP: 46/48 MP: 8/8
  3091 | D:4      | Found a hazy altar of Hepliaklqana.
  3419 | D:4      | Noticed Duvessa
  3419 | D:4      | Noticed Dowan
  3431 | D:4      | Killed Duvessa
  3448 | D:4      | Killed Dowan
  3631 | D:4      | Reached XP level 7. HP: 55/55 MP: 9/9
  3757 | D:5      | Entered Level 5 of the Dungeon
  3759 | D:5      | Noticed Edmund
  3784 | D:4      | Killed Edmund
  3931 | D:4      | Reached skill level 5 in Long Blades
  3931 | D:4      | Reached skill level 5 in Dodging
  4499 | D:5      | Reached XP level 8. HP: 60/61 MP: 10/10
  4868 | D:5      | Got a pitted trident
  4869 | D:5      | Identified the +7 trident "Paem" {venom, rPois rN+ Int+4}
                  | (You found it on level 5 of the Dungeon)
  5184 | D:6      | Noticed Grinder
  5200 | D:6      | Paralysed by Grinder for 7 turns
  5218 | D:6      | Paralysed by Grinder for 3 turns
  5224 | D:6      | Killed Grinder
  6149 | D:7      | Reached XP level 9. HP: 71/71 MP: 11/11
  6158 | D:7      | Found a staircase to the Ecumenical Temple.
  7834 | D:8      | Found a staircase to the Lair.
  7834 | D:8      | Noticed a two-headed ogre
  7859 | D:8      | Reached skill level 5 in Armour
  7871 | D:8      | Killed a two-headed ogre
  7871 | D:8      | Reached skill level 5 in Fighting
  8789 | D:8      | Noticed a two-headed ogre
  8796 | D:8      | Killed a two-headed ogre
  8796 | D:8      | Reached XP level 10. HP: 51/81 MP: 7/13
  9916 | D:9      | Noticed a two-headed ogre
  9935 | D:9      | Killed a two-headed ogre
 10222 | D:9      | Reached skill level 10 in Long Blades
 10451 | D:10     | Entered Level 10 of the Dungeon
 10616 | D:10     | Noticed a two-headed ogre
 10630 | D:10     | Killed a two-headed ogre
 10630 | D:10     | Reached skill level 1 in Evocations
 10816 | D:10     | Reached XP level 11. HP: 86/86 MP: 15/15
 10928 | D:10     | Noticed a two-headed ogre
 10938 | D:10     | Killed a two-headed ogre
 11362 | D:10     | Found a portal to a secret trove of treasure.
 11494 | D:10     | Found a staircase to the Orcish Mines.
 13082 | D:12     | Noticed a five-headed hydra
 13101 | D:12     | Killed a five-headed hydra
 13476 | D:12     | Noticed a six-headed hydra
 13497 | D:12     | Killed a six-headed hydra
 14216 | D:12     | Killed an unseen horror
 15155 | D:13     | Found a hide-covered altar of Uskayaw.
 15315 | D:13     | Noticed Azrael
 15337 | D:13     | Killed Azrael
 15337 | D:13     | Reached skill level 5 in Evocations
 15337 | D:13     | Reached XP level 12. HP: 57/94 MP: 14/19
 17069 | D:14     | Noticed a vault guard
 17148 | D:14     | Reached skill level 10 in Dodging
 17560 | D:14     | Noticed a centaur warrior
 17565 | D:14     | Killed a centaur warrior
 17565 | D:14     | Reached skill level 10 in Armour
 17785 | D:14     | Noticed a seven-headed hydra
 17803 | D:14     | Killed a two-headed hydra
 18922 | Lair:1   | Entered Level 1 of the Lair of Beasts
 19815 | Lair:1   | You fall into a shaft and drop 1 floor!
 19959 | Lair:2   | Reached XP level 13. HP: 87/100 MP: 18/22
 22643 | Lair:3   | Reached skill level 5 in Short Blades
 23140 | Lair:3   | Found a hole to the Spider Nest.
 24265 | Lair:4   | Found a staircase to the Swamp.
 24733 | Lair:4   | Noticed Snorg
 24746 | Lair:4   | Killed Snorg
 25629 | Lair:5   | Found a dark tunnel.
 25640 | Volcano  | Entered a volcano
 26402 | Lair:5   | Reached XP level 14. HP: 72/111 MP: 17/24
 26613 | Lair:5   | Found a staircase to the Slime Pits.
 26614 | Lair:5   | Found a viscous altar of Jiyva.
 27418 | Lair:6   | Entered Level 6 of the Lair of Beasts
 29874 | Lair:6   | Gained mutation: You are occasionally teleported next to
                  | monsters. [potion of mutation]
 29874 | Lair:6   | Gained mutation: You expend magic power (3 MP) to
                  | strengthen your wands. [potion of mutation]
 29874 | Lair:6   | Gained mutation: You have a pair of small antennae on your
                  | head. [potion of mutation]
 29874 | Lair:6   | Gained mutation: You are agile. (Dex +2) [potion of
                  | mutation]
 30047 | Orc:1    | Entered Level 1 of the Orcish Mines
 30159 | Orc:2    | Entered Level 2 of the Orcish Mines
 30164 | Orc:2    | Found a staircase to the Elven Halls.
 30524 | Orc:2    | Noticed an orc warlord
 30638 | Orc:2    | Found Qiza's Magic Scroll Boutique.
 30646 | Orc:2    | Bought a scroll of identify for 20 gold pieces
 30646 | Orc:2    | Bought a scroll of identify for 20 gold pieces
 30711 | Orc:2    | Found Somausecsa's Antique Weapon Shoppe.
 30711 | Orc:2    | Found a roughly hewn altar of Beogh.
 30711 | Orc:2    | Noticed Blork the orc
 30717 | Orc:2    | Killed Blork the orc
 30718 | Orc:2    | Killed an orc warlord
 30791 | Orc:2    | Found Lelumih's Jewellery Shoppe.
 31297 | Orc:2    | Found Gesagh's Antique Armour Shoppe.
 31311 | Orc:2    | Found Piph's General Store.
 31726 | Orc:2    | Bought a transparent chain mail for 342 gold pieces
 31726 | Orc:2    | Identified the cursed +1 chain mail of the Swamp {Str+4
                  | Slay+2} (You bought it in a shop on level 2 of the Orcish
                  | Mines)
 31797 | Orc:2    | Bought a scroll of enchant weapon for 127 gold pieces
 32034 | Swamp:1  | Entered Level 1 of the Swamp
 32527 | Swamp:1  | Reached XP level 15. HP: 95/118 MP: 21/25
 33790 | Swamp:2  | Reached skill level 1 in Shields
 35252 | Swamp:2  | Noticed a tentacled monstrosity
 35253 | Swamp:2  | Found the +3 sling "Punk" {acid, rCorr}
 35265 | Swamp:2  | Killed a tentacled monstrosity
 36329 | Swamp:3  | Noticed patan's ghost (journeyman TrFi)
 36330 | Swamp:3  | Found a transporter.
 36365 | Swamp:3  | Found a transporter.
 38091 | Swamp:3  | Slain by patan's ghost

Illustrated notes

Levels and vault maps discovered:
D:1:      dpeg_arrival_short_road, layout_rooms
D:2:      layout_loops_ring, chequers_ecumenical_altar_simple,
          uniq_crazy_yiuf_cottage, uniq_robin
D:3:      layout_loops_ring, first_ration, serial_undead, serial_undead_f,
          serial_undead_c, serial_undead_b, serial_undead_d, uniq_sigmund
D:4:      layout_basic, kennysheep_little_box, nicolae_overflow_hidden_temple,
          uniq_duvessa
D:5:      layout_rooms, grunt_ministairs_7, uniq_edmund
D:6:      layout_loops_ring, minmay_misc_feat_diagonals, uniq_grinder
D:7:      layout_cave_pods, minmay_temple_entry_glass
D:8:      wad_river_or_something, layout_loops_corners, david_lair_generic
D:9:      layout_small_grid, blue_anna_alchemist [blue_anna_fruit_fields,
          blue_anna_fruit_fields]
D:10:     layout_rooms, minmay_orc_entry_guard_dogs,
          nicolae_trove_entry_diagonal
D:11:     layout_irregular_city
D:12:     layout_stronghold
D:13:     layout_loops_corners, basic_altar, uniq_azrael
D:14:     layout_stronghold, grunt_vaults_entry_fortified, zin_angel
Lair:1:   layout_regular_city, grunt_megastairs_5
Lair:2:   layout_long_grid, minmay_lair_oklob_chamber
Lair:3:   layout_small_grid, nicolae_spider_entry_orb_guardian,
          beast_lair_carwin_7, lemuel_fruit_fields, grunt_megastairs_4,
          lemuel_fruit_tree, infiniplex_staircase_pool
Lair:4:   layout_regular_city, skrybe_swamp_entry_bodies,
          bh_autumn_forest_stairs, serial_bayou_shore_b, uniq_snorg
Lair:5:   layout_loops_ring, slime_altar_1, nicolae_volcano_entry_hallway,
          minmay_shattered_shrine
Lair:6:   evilmike_catoblepas_cave, layout_misc_corridors
Swamp:1:  layout_falls_marsh, serial_swamp_ruin, evilmike_swamp_ruin_wall,
          evilmike_swamp_ruin_house_3
Swamp:2:  cheibrodos_swamp_monstrosity, layout_falls_marsh,
          evilmike_swamp_ruin_house_2
Swamp:3:  layout_basic_swamp, gammafunk_ghost_arena,
          evilmike_swamp_ruin_house_1, swamp_pool2
Orc:1:    layout_diamond_mine, uniq_erolcha
Orc:2:    grunt_orc_cross, layout_diamond_mine, serial_shops, shop

Skill      XL: |  1  2  3  4  5  6  7  8  9 10 11 12 13 14 15 |
---------------+----------------------------------------------+-----
Fighting       | 2 3 5 6 7 |  7.0
Throwing       | 2 |  2.0
Long Blades    | 3 4 6 7 9 10 11 12 13 | 13.9
Dodging        | 3 4 5 7 8 9 10 12 13 | 13.7
Armour         | 1 2 3 4 6 7 9 10 12 13 | 13.7
Short Blades   | 1 2 3 6 |  6.2
Evocations     | 1 5 8 |  8.3
Shields        | 4 |  4.0

Action                   |  1- 3 |  4- 6 |  7- 9 | 10-12 | 13-15 || total
-------------------------+-------+-------+-------+-------+-------++-------
Melee: Long sword        |    99 |       |       |       |       ||    99
       Short sword       |    46 |   201 |   390 |   562 |       ||  1199
       Scimitar          |       |       |   114 |   731 |  1380 ||  2225
Throw: Throwing net      |     1 |     2 |     2 |     6 |     1 ||    12
       Dart              |       |     1 |    10 |    22 |       ||    33
       Javelin           |       |       |    10 |     8 |     1 ||    19
Evoke: Wand              |       |       |     1 |    11 |    45 ||    57
  Use: Scroll            |     5 |     1 |     2 |     4 |    24 ||    36
       Potion            |       |       |       |     2 |    16 ||    18
 Stab: Held in net/web   |     1 |     1 |     1 |     5 |       ||     8
       Sleeping          |       |     5 |       |       |       ||     5
       Paralysed         |       |       |       |     3 |    10 ||    13
       Confused          |       |       |       |       |     2 ||     2
  Eat: Chunk             |     3 |     6 |    17 |    30 |    40 ||    96
       Ration            |       |       |       |     2 |     6 ||     8
Armor: Leather armour    |     3 |       |       |       |       ||     3
       Scale mail        |    36 |    31 |   133 |       |       ||   200
       Robe              |     6 |    37 |       |       |       ||    43
       Chain mail        |       |       |    41 |     3 |       ||    44
       Plate armour      |       |       |       |   661 |   556 ||  1217
Dodge: Dodged            |    84 |   134 |   283 |   686 |   875 ||  2062
Block: Buckler           |       |       |       |       |    89 ||    89
       Rpst.: Long sword |    21 |       |       |       |       ||    21
       Scimitar          |       |       |    18 |   127 |   207 ||   352
